 Dungeon Crawl Stone Soup version 0.18.1-6-gd335043 (webtiles) character file.

14655 Gorice the Carver (level 11, -4/90 HPs)
             Began as a Demonspawn Gladiator on May 15, 2016.
             Was a High Priest of Okawaru.
             Slain by Rupert
             ... wielding a +4 vampiric battleaxe
              (22 damage)
             ... on level 12 of the Dungeon.
             The game lasted 01:03:24 (15108 turns).

Gorice the Carver (Demonspawn Gladiator)           Turns: 15108, Time: 01:03:24

Health: -4/90      AC: 22    Str: 28    XL:     11   Next: 91%
Magic:  11/11      EV:  9    Int:  9    God:    Okawaru [*****.]
Gold:   258        SH:  0    Dex: 14    Spells: 0 memorised, 10 levels left

rFire  + . .     SeeInvis +     a - +0 scimitar (flame)
rCold  + . .     Gourm    .     G - +0 plate armour
rNeg   . . .     Faith    .     (no shield)
rPois  .         Spirit   .     O - +1 hat of the Gloaming {+Inv Str+4 SInv}
rElec  .         Dismiss  .     l - +0 cloak
rCorr  +         Reflect  .     (no gloves)
SustAt .         Harm     .     r - +1 pair of boots
MR     .....                    i - amulet of rage
Stlth  ..........               J - ring of protection from cold
                                e - ring of protection from fire

@: mighty, very slightly contaminated, hasted, very quick, not resistant to
hostile enchantments, extremely unstealthy
A: talons 1, yellow scales 3, powered by pain 3, rot immunity
a: Heroism, Finesse, Renounce Religion, Evoke Berserk Rage, Evoke Invisibility


You were on level 12 of the Dungeon.
You worshipped Okawaru.
Okawaru was extremely pleased with you.
You were not hungry.

You visited 3 branches of the dungeon, and saw 16 of its levels.

You collected 752 gold pieces.
You spent 494 gold pieces at shops.

Inventory:

Hand Weapons
 a - a +0 scimitar of flaming (weapon)
   (You took it off a wight on level 11 of the Dungeon)
 b - a +0 hunting sling
 I - a +0 dagger of speed
   (You took it off a kobold on level 8 of the Dungeon)
 L - a +1 long sword
Missiles
 t - 157 sling bullets
 w - 2 curare-tipped needles
 z - 22 poisoned needles
 B - 5 javelins (quivered)
 D - 6 silver javelins
 Z - 366 stones
Armour
 c - a +1 helmet
 l - a +0 cloak (worn)
 r - a +1 pair of boots (worn)
 G - a +0 plate armour (worn)
 M - the cursed +1 ring mail "Seadua" {rN+ Str-3 Int+4, unknown}
   (You bought it in a shop on level 12 of the Dungeon)

   It affects your strength (-3).
   It affects your intelligence (+4).
   It protects you from negative energy.
   It has a curse placed upon it.
 O - the +1 hat of the Gloaming (worn) {+Inv Str+4 SInv}
   (Okawaru gifted it to you on level 11 of the Dungeon)

   It affects your strength (+4).
   It lets you see invisible.
   It lets you turn invisible.
Jewellery
 e - a ring of protection from fire (left hand)
 i - an amulet of rage (around neck)
 J - a ring of protection from cold (right hand)
 T - an uncursed amulet of faith {!P}
Wands
 s - a wand of lightning (0/15)
 u - a wand of hasting (3/9) {!d}
 Q - a wand of lightning (10/15)
Scrolls
 j - 14 scrolls of remove curse
 o - 3 scrolls of magic mapping {!r}
 q - 2 scrolls of blinking
 v - 2 scrolls of teleportation {!r}
 y - a scroll of enchant armour
 A - a scroll of recharging
 E - 5 scrolls of identify
 H - a scroll of brand weapon
 K - a scroll of noise {!r}
 S - a scroll of enchant weapon
Potions
 d - a potion of lignification {!q}
 g - 5 potions of brilliance {!q}
 h - 5 potions of curing
 m - a potion of berserk rage
 n - 4 potions of heal wounds {!q}
 p - a potion of magic {!q}
 x - a potion of flight
 P - a potion of cure mutation {!q}
Books
 R - a book of Air
Miscellaneous
 N - 2 phantom mirrors
Comestibles
 f - 11 bread rations {!e}
 k - 10 fruits
 C - 2 beef jerkies
 F - a meat ration {!e}


   Skills:
 + Level 10.1 Fighting
 * Level 12.7 Long Blades
 - Level 1.7 Throwing
 + Level 8.6 Armour
 - Level 2.6 Dodging


You had 10 spell levels left.
You didn't know any spells.

Dungeon Overview and Level Annotations

Branches:
Dungeon (12/15)            Temple (1/1) D:4            Lair (3/8) D:9
    Orc (0/2) D:11
  Swamp: Lair:3-6    Shoals: Lair:3-6     Snake: Lair:3-6    Spider: Lair:3-6

Altars:
Ashenzari
Cheibriados
Dithmenos
Elyvilon
Fedhas
Gozag
Kikubaaqudgha
Makhleb
Nemelex Xobeh
Okawaru
Pakellas
Qazlal
Ru
Sif Muna
Trog
Vehumet
Xom
Yredelemnul
Zin
The Shining One

Shops:
D:12 *

Portals:
Trove: D:11 (show abyssal rune of Zot)

Annotations:
D:1 vpUX: loot behind glass walls
D:3 vpUX: Yiuf's house
D:12 Rupert
Lair:1 exclusion: oklob plant
Lair:3 UX: player ghost guards all 3 stairs, BulkMonkey's ghost, journeyman MiCK


Innate Abilities, Weirdness & Mutations

You have sharp toenails.
You are completely covered in yellow scales (AC +4, rCorr).
You are powered by pain.
You are immune to rotting.


Message History

Rupert is severely wounded.
Rupert hits you but does no damage.
You barely miss Rupert.
Rupert is severely wounded.
You slash Rupert! You burn Rupert.
Rupert is almost dead.
You barely miss Rupert.
Rupert is almost dead.
Rupert yells loudly at you.
You are confused.
You bump into the rock wall.
Unknown command.
You bump into the rock wall.
Rupert yells loudly at you.
You are more confused.
You barely miss Rupert.
Rupert is almost dead.
You're too confused to move!
Rupert roars madly and goes into a rage!
Rupert goes berserk!
Unknown command.
You're too confused to move!
Rupert hits you with a vampiric battleaxe!!
You focus on the pain.
You feel your power returning.
Damage: 19 (max 19)
You bump into the rock wall.
You feel like a meek peon again.
Rupert hits you with a vampiric battleaxe!!
You focus on the pain.
You feel very mighty all of a sudden.
Rupert draws strength from your injuries!
Damage: 23 (max 23) You're too confused!
You're too confused to move!
You slash Rupert! You burn Rupert.
Rupert is almost dead.
Rupert hits you with a vampiric battleaxe!!
* * * LOW HITPOINT WARNING * * *
Damage: 20 (max 23) Unknown command.
Your plate armour prevents you from hitting Rupert.
Rupert is almost dead.
Rupert hits you with a vampiric battleaxe!!
* * * LOW HITPOINT WARNING * * *
Damage: 20 (max 23) Unknown command.
Drink which item? (? for menu, Esc to quit)
You feel better.
Rupert hits you with a vampiric battleaxe!!
You die...

###.....#...##....
#...._.@..........
#.#.....#........#
#.#§...§#.......##
#.###.###......(##
#.# #.###.##.....#
#.# #........###.#
#@###.###.##†###H#
#@#.....).##.#..@.
#.#..........#.#.#
#.#..........#.#.#
#.#............#.#
#.#.........##.#.#
#.#....#.#######.#
#.#....#..........
#.#....######.....
#.###.## #.....


You could see Rupert (berserk).

Vanquished Creatures
  A hill giant (D:10)
  An ugly thing (D:12)
  3 spiny frogs (Lair:2)
  A black mamba (Lair:2)
  Joseph (D:9)
  A gargoyle (D:11)
  A kobold demonologist (D:11)
  A komodo dragon (Lair:2)
  A troll (D:12)
  2 two-headed ogres
  A spriggan (D:7)
  A wraith (D:12)
  12 yaks
  4 hippogriffs
  A naga (shapeshifter) (D:12)
  Duvessa (D:4)
  A porcupine (Lair:2)
  4 water moccasins
  2 hell hounds
  A sky beast (D:11)
  5 orc warriors
  A wasp (D:12)
  7 ice beasts
  A black bear (D:11)
  A necrophage (D:10)
  4 ogres
  2 phantoms (D:10)
  6 crocodiles
  15 wolves
  8 centaurs
  9 giant frogs
  A big kobold (D:8)
  Dowan (D:4)
  A scorpion (D:9)
  A water moccasin skeleton (D:3)
  3 killer bees (D:10)
  9 wights (D:11)
  3 howler monkeys
  8 crimson imps
  2 giant frog zombies
  4 hounds
  A jelly (D:10)
  A wyvern simulacrum (D:12)
  2 orc priests
  3 centaur skeletons
  9 orc wizards
  A gnoll shaman (D:6)
  3 iguanas
  Jessica (D:2)
  A giant frog skeleton (D:6)
  6 worker ants
  A giant frog simulacrum (D:12)
  2 hound skeletons
  A howler monkey zombie (D:10)
  2 worker ant zombies
  3 gnolls (D:6)
  13 adders
  19 river rats (Lair:2)
  2 shadow imps (D:7)
  4 white imps
  An ufetubus (D:12)
  An ooze (D:3)
  An adder zombie (D:7)
  5 worms
  4 dart slugs
  4 giant geckos
  36 orcs
  2 ball pythons
  2 giant cockroaches
  6 goblins
  3 hobgoblins
  10 jackals
  A quokka (D:2)
  7 bats
  5 giant newts
  12 kobolds
  10 rats
318 creatures vanquished.

Vanquished Creatures (others)
  A plant (Lair:2)
1 creature vanquished.

Grand Total: 319 creatures vanquished

Notes
Turn   | Place    | Note
--------------------------------------------------------------
     0 | D:1      | Gorice the Demonspawn Gladiator began the quest for the Orb.
     0 | D:1      | Reached XP level 1. HP: 16/16 MP: 1/1
    53 | D:1      | Reached skill level 3 in Long Blades
   181 | D:1      | Gained mutation: You are partially covered in yellow scales (AC +2). [demonic ancestry]
   181 | D:1      | Reached XP level 2. HP: 12/22 MP: 2/2
   810 | D:2      | Gained mutation: You are immune to rotting. [demonic ancestry]
   810 | D:2      | Reached XP level 3. HP: 23/28 MP: 3/3
  1014 | D:2      | Noticed Jessica
  1018 | D:2      | Killed Jessica
  1018 | D:2      | Reached skill level 3 in Fighting
  1018 | D:2      | Gained mutation: You are mostly covered in yellow scales (AC +3). [demonic ancestry]
  1018 | D:2      | Reached XP level 4. HP: 35/35 MP: 4/4
  1255 | D:2      | Reached skill level 4 in Long Blades
  1530 | D:3      | Gained mutation: You have sharp toenails. [demonic ancestry]
  1530 | D:3      | Reached XP level 5. HP: 30/41 MP: 5/5
  2285 | D:3      | Reached skill level 4 in Fighting
  2435 | D:3      | Reached skill level 5 in Long Blades
  2435 | D:3      | Gained mutation: You sometimes gain a little power by taking damage. [demonic ancestry]
  2435 | D:3      | Reached XP level 6. HP: 38/48 MP: 6/6
  2527 | D:4      | Found a shadowy altar of Dithmenos.
  2564 | D:4      | Found a staircase to the Ecumenical Temple.
  2573 | D:4      | Reached skill level 1 in Armour
  2580 | Temple   | Entered the Ecumenical Temple
  2683 | Temple   | Became a worshipper of Warmaster Okawaru
  2808 | D:4      | Noticed Dowan
  2809 | D:4      | Noticed Duvessa
  2827 | D:4      | Killed Duvessa
  2835 | D:4      | Killed Dowan
  2835 | D:4      | Reached skill level 2 in Armour
  2835 | D:4      | Gained mutation: You sometimes gain power by taking damage. [demonic ancestry]
  2835 | D:4      | Reached XP level 7. HP: 54/55 MP: 7/7
  2921 | D:5      | Entered Level 5 of the Dungeon
  3633 | D:5      | Reached skill level 6 in Long Blades
  4437 | D:6      | Got a transparent ring mail
  4464 | D:6      | Identified the +2 ring mail of Inviolability {rN++ MR+++ Str+3 Dex-3} (You found it on level 6 of the Dungeon)
  4533 | D:6      | Reached * piety under Okawaru
  4537 | D:6      | Found a burning altar of Makhleb.
  4537 | D:6      | Found a shattered altar of Ashenzari.
  4542 | D:6      | Reached skill level 5 in Fighting
  4703 | D:6      | Reached skill level 3 in Armour
  4704 | D:6      | HP: 14/56 [orc wizard/puff of frost (12)]
  5070 | D:7      | Reached XP level 8. HP: 59/62 MP: 8/8
  5109 | D:7      | Reached skill level 7 in Long Blades
  5755 | D:7      | Reached skill level 4 in Armour
  5869 | D:7      | Reached skill level 6 in Fighting
  6147 | D:8      | Reached skill level 8 in Long Blades
  6253 | D:8      | Reached ** piety under Okawaru
  6310 | D:8      | Gained mutation: You are powered by pain. [demonic ancestry]
  6310 | D:8      | Reached XP level 9. HP: 64/71 MP: 6/9
  7257 | D:9      | Noticed Joseph
  7701 | D:8      | Reached skill level 5 in Armour
  7788 | D:9      | Reached skill level 9 in Long Blades
  7802 | D:9      | Found a staircase to the Lair.
  7876 | D:9      | Killed Joseph
  7876 | D:9      | Reached skill level 7 in Fighting
  8440 | Lair:1   | Entered Level 1 of the Lair of Beasts
  8440 | Lair:1   | Found a bloodstained altar of Trog.
  8440 | Lair:1   | Noticed an oklob plant
  8624 | Lair:1   | Reached *** piety under Okawaru
  8979 | Lair:1   | Reached skill level 6 in Armour
  8979 | Lair:1   | Reached XP level 10. HP: 80/80 MP: 10/10
  9022 | Lair:1   | Reached skill level 10 in Long Blades
  9814 | Lair:2   | Reached skill level 8 in Fighting
  9850 | Lair:2   | Noticed a spiny frog
  9876 | Lair:2   | Killed a spiny frog
  9939 | Lair:2   | Reached **** piety under Okawaru
  9950 | Lair:2   | Noticed a spiny frog
  9979 | Lair:2   | Noticed a spiny frog
  9987 | Lair:1   | HP: 22/80 [wolf (5)]
 10434 | Lair:2   | Noticed a black mamba
 10443 | Lair:2   | Killed a black mamba
 10795 | Lair:2   | Reached skill level 11 in Long Blades
 10795 | Lair:2   | Reached skill level 7 in Armour
 10852 | Lair:2   | Killed a spiny frog
 10852 | Lair:2   | Received a gift from Okawaru
 11128 | Lair:2   | HP: 24/82 [wolf (8)]
 11135 | Lair:2   | HP: 17/82 [wolf (8)]
 11140 | Lair:2   | Reached skill level 9 in Fighting
 11353 | Lair:2   | Killed a spiny frog
 11353 | Lair:2   | Reached ***** piety under Okawaru
 11353 | Lair:2   | Gained mutation: You are completely covered in yellow scales (AC +4, rCorr). [demonic ancestry]
 11353 | Lair:2   | Reached XP level 11. HP: 72/89 MP: 8/11
 11711 | Lair:3   | Noticed BulkMonkey's ghost (journeyman MiCK)
 11797 | D:10     | Entered Level 10 of the Dungeon
 12405 | D:10     | Noticed a hill giant
 12413 | D:10     | Killed a hill giant
 12620 | D:11     | Received a gift from Okawaru
 12879 | D:11     | Found a staircase to the Orcish Mines.
 13074 | D:11     | Reached skill level 12 in Long Blades
 13348 | D:11     | Reached skill level 8 in Armour
 13632 | D:11     | Found a portal to a secret trove of treasure.
 13712 | D:11     | Received a gift from Okawaru
 13713 | D:11     | Got a brightly glowing hat {god gift}
 13724 | D:11     | Identified the +1 hat of the Gloaming {+Inv Str+4 SInv} (Okawaru gifted it to you on level 11 of the Dungeon)
 14292 | D:12     | Reached skill level 10 in Fighting
 14583 | D:12     | Noticed a green ugly thing
 14590 | D:12     | Killed a green ugly thing
 14878 | D:12     | Found a stormy altar of Qazlal.
 14909 | D:12     | Found Sotiffoh's Assorted Antiques.
 14911 | D:12     | Noticed Rupert
 14921 | D:12     | Paralysed by Rupert for 4 turns
 14994 | D:12     | Bought a distressingly furry ring mail for 234 gold pieces
 14994 | D:12     | Bought a dented pearl amulet for 130 gold pieces
 14994 | D:12     | Bought a triangular copper amulet for 130 gold pieces
 15107 | D:12     | HP: 9/90 [Rupert/vampiric battleaxe (20)]
 15108 | D:12     | Slain by Rupert

Skill      XL: |  1  2  3  4  5  6  7  8  9 10 11 |
---------------+----------------------------------+-----
Long Blades    | 3 4 5 6 8 9 11 12 | 12.7
Fighting       | 3 4 5 6 7 9 10 | 10.1
Armour         | 2 3 4 6 7 8 |  8.6
Throwing       | |  1.7
Dodging        | |  2.6

Action                   |  1- 3 |  4- 6 |  7- 9 | 10-12 || total
-------------------------+-------+-------+-------+-------++-------
Melee: Long sword        |    86 |   178 |   519 |   611 ||  1394
       Kick              |       |    33 |   127 |       ||   160
       Scimitar          |       |       |       |   207 ||   207
       Punch             |       |       |       |     2 ||     2
 Fire: Hunting sling     |       |       |     8 |    68 ||    76
Throw: Throwing net      |       |     2 |     2 |       ||     4
       Stone             |       |       |     4 |       ||     4
       Javelin           |       |       |    19 |    23 ||    42
Invok: Heroism           |       |       |     7 |    18 ||    25
Evoke: Wand              |       |       |     7 |     6 ||    13
  Use: Scroll            |     5 |     7 |    12 |     7 ||    31
       Potion            |       |       |       |     5 ||     5
 Stab: Held in net/web   |       |       |     4 |       ||     4
       Distracted        |       |       |     1 |       ||     1
  Eat: Chunk             |       |     6 |    21 |    16 ||    43
       Bread ration      |       |       |       |     1 ||     1
       Pizza             |       |       |       |     1 ||     1
Armor: Leather armour    |    37 |    28 |       |       ||    65
       Scale mail        |       |    46 |       |       ||    46
       Ring mail         |       |     5 |   100 |       ||   105
       Chain mail        |       |       |    78 |       ||    78
       Plate armour      |       |       |   111 |   503 ||   614
Dodge: Dodged            |    77 |    90 |   219 |   278 ||   664

Table legend:
 A = Turns spent in this place as a percentage of turns spent in the entire game.
 B = Non-inter-level travel turns spent in this place as a percentage of non-inter-level travel turns spent in the entire game.
 C = Inter-level travel turns spent in this place as a percentage of turns spent in this place.
 D = Turns resting spent in this place as a percentage of non-inter-level travel turns spent in this place.
 E = Turns spent auto-exploring this place as a percentage of non-inter-level travel turns spent in this place.
 F = Non-inter-level travel turns spent in this place divided by the number of levels of this place that you've seen.
                   A       B       C       D       E      F
               +-------+-------+-------+-------+-------+----------------------
         Total | 100.0 | 100.0 |   0.4 |   1.9 |   5.5 | 331.1
       Dungeon |  79.0 |  79.0 |   0.4 |   1.7 |   5.7 | 348.9
        Temple |   1.1 |   1.1 |   0.0 |   0.0 |  30.4 |  56.0
          Lair |  19.9 |  19.9 |   0.5 |   2.5 |   3.3 | 351.7
               +-------+-------+-------+-------+-------+----------------------

Vault maps used:
D:1:      minmay_arrival_semitransparent, due_unseen_surprise
D:2:      uniq_jessica
D:3:      first_bread, uniq_crazy_yiuf_cottage
D:4:      minmay_temple_entry_purple_smoke, grunt_dithmenos_smoke_and_mirrors,
          uniq_duvessa
D:5:      mrwooster_statue_mirror
D:6:      gammafunk_temple_overflow_statue
D:7:      the_bakery, minmay_nine_imps
D:8:      nicolae_zen_rock_garden
D:9:      minmay_lair_entry_lava, kennysheep_generic_room_8, uniq_joseph
D:11:     erik_orc_3, trove_entry_hex_spiral, minmay_misc_feat_secret_circle,
          hangedman_glass_teeth, minmay_misc_feat_x
D:12:     serial_ice, serial_ice_a, serial_ice_c, serial_ice_h, serial_ice_f,
          serial_shops, shop, grunt_qazlal_clouds, uniq_rupert
Temple:   grunt_circular_temple_18
Lair:1:   lemuel_oklob_altar
Lair:2:   grunt_megastairs_1
Lair:3:   uniq_gastronok
